[Event "Titled Tuesday Blitz March 07 Late 2023"]
[White "Zhu, Jiner"]
[Black "Corrales Jimenez, Fidel"]
[WhiteFideId "8608059"]
[BlackFideId "3506690"]
[WhiteElo "2384"]
[BlackElo "2541"]
[Result "1-0"]
[Round "09"]
[TimeControl "180+2"]
[Date "2023.03.07"]
[WhiteClock "0:00:09"]
[BlackClock "0:00:14"]

1. e4 c5 2. Nf3 d6 3. d4 cxd4 4. Nxd4 Nf6 5. Nc3 a6 6. Be3 e5 7. Nf3 Be7 8. Bc4 O-O 9. O-O h6 10. Qe2 Nc6 11. Rfd1 Be6 12. Bb3 Rc8 13. Nh4 Bg4 14. f3 Be6 15. Ng6 Re8 16. Nxe7+ Qxe7 17. Nd5 Bxd5 18. Bxd5 Na5 19. c3 Nxd5 20. Rxd5 Nc4 21. Rad1 Nxe3 22. Qxe3 Rc6 23. R1d3 Qc7 24. Qd2 Re6 25. g3 b5 26. a3 Rf6 27. Kg2 h5 28. Qg5 Rh6 29. h4 Kf8 30. Rd2 f6 31. Qe3 Ke7 32. Rd1 Rh8 33. R1d3 Rb8 34. f4 exf4 35. gxf4 Kf7 36. e5 Re8 37. Qf3 Kg8 38. exd6 Qd7 39. Rd2 Rc4 40. R5d4 Rc5 41. Rd5 Rc4 42. R5d4 Rc5 43. Re2 Rxe2+ 44. Qxe2 Rc8 45. Qxh5 Re8 46. Qf3 Re6 47. Qd5 f5 48. Kh2 Kh8 49. Qa8+ Kh7 50. Qf3 Re1 51. Qh5+ Kg8 52. Qf3 Qd8 53. Qf2 Re6 54. d7 Rh6 55. Kg1 Rg6+ 56. Kf1 Kh7 57. Qe2 Rg4 58. Qe8 Qxh4 59. d8=Q Qh3+ 60. Ke2 Rg2+ 61. Kd1 Qh1+ 62. Qe1 Qh5+ 63. Kc1 Rh2 64. Rd2 Rh3 65. Kb1 Qf3 66. Qd4 Rh1 67. Qxh1+ Qxh1+ 68. Ka2 b4 69. axb4 Qc6 70. Qd5 Qf6 71. Rh2+ Kg6 72. Rg2+ Kh7 73. Qe5 Qf8 74. Rxg7+ Qxg7 75. Qxg7+ Kxg7 76. c4 Kf6 77. b5 axb5 78. cxb5 Ke6 79. Kb3 Kd5 80. Kb4 Ke4 81. b6 Kxf4 82. b7 Ke3 83. b8=Q f4 84. Qe5+ Kf3 85. Kc3 Kg4 86. Kd3 f3 87. Ke3 f2 88. Kxf2 1-0


[Site "https://www.chess.com"]

[Event "Titled Tuesday Blitz March 07 Late 2023"]
[White "Gerzhoy, Leonid"]
[Black "Pakleza, Zbigniew"]
[WhiteFideId "2806126"]
[BlackFideId "1119290"]
[WhiteElo "2627"]
[BlackElo "2410"]
[Result "0-1"]
[Round "09"]
[TimeControl "180+2"]
[Date "2023.03.07"]
[WhiteClock "0:00:38"]
[BlackClock "0:00:36"]

1. d4 d6 2. Bg5 Nd7 3. Nd2 h6 4. Bh4 Ngf6 5. e4 e5 6. c3 Be7 7. Ngf3 exd4 8. cxd4 Nxe4 9. Nxe4 Bxh4 10. Bd3 Be7 11. O-O O-O 12. Re1 Re8 13. Qc2 c6 14. Ng3 Nf6 15. Bf5 Bf8 16. Rxe8 Qxe8 17. Re1 Qd8 18. Bxc8 Rxc8 19. Qf5 Qd7 20. Qxd7 Nxd7 21. Nf5 g6 22. Ne7+ Bxe7 23. Rxe7 Rd8 24. Nd2 Kf8 25. Re1 d5 26. Nb3 b6 27. a4 Re8 28. Rc1 Re2 29. Rb1 Ke7 30. a5 Kd6 31. axb6 axb6 32. Kf1 Rc2 33. Na1 Rc4 34. Rd1 Nf8 35. Rd2 Rc1+ 0-1


[Site "https://www.chess.com"]

[Event "Titled Tuesday Blitz March 07 Late 2023"]
[White "Cardoso Cardoso, Jose Gabriel"]
[Black "Yu, Yangyi"]
[WhiteFideId "4430492"]
[BlackFideId "8603820"]
[WhiteElo "2496"]
[BlackElo "2783"]
[Result "0-1"]
[Round "09"]
[TimeControl "180+2"]
[Date "2023.03.07"]
[WhiteClock "0:00:08"]
[BlackClock "0:02:12"]

1. d4 Nf6 2. c4 e6 3. Nc3 Bb4 4. Qc2 c5 5. dxc5 O-O 6. Nf3 Na6 7. a3 Bxc3+ 8. Qxc3 Nxc5 9. b4 Nce4 10. Qd4 d6 11. e3 e5 12. Qb2 Ng4 13. h3 Ngxf2 14. Rh2 Qf6 15. Be2 Be6 16. g4 Nd3+ 17. Bxd3 Qxf3 18. Qg2 Ng5 19. Qf1 Qg3+ 20. Rf2 Nxh3 0-1


[Site "https://www.chess.com"]

[Event "Titled Tuesday Blitz March 07 Late 2023"]
[White "Fus, Jakub"]
[Black "Yoo, Christopher Woojin"]
[WhiteFideId "1193023"]
[BlackFideId "30909694"]
[WhiteElo "2335"]
[BlackElo "2519"]
[Result "0-1"]
[Round "09"]
[TimeControl "180+2"]
[Date "2023.03.07"]
[WhiteClock "0:00:16"]
[BlackClock "0:01:02"]

1. e4 c5 2. Nf3 e6 3. c3 d5 4. exd5 Qxd5 5. d4 Nf6 6. Na3 a6 7. Nc4 Nbd7 8. Be2 b5 9. Ne3 Qc6 10. a4 Bb7 11. dxc5 Qxc5 12. axb5 axb5 13. Rxa8+ Bxa8 14. Nd4 b4 15. Qa4 Bb7 16. Nb3 Qc7 17. c4 Be7 18. O-O O-O 19. Qa5 Qb8 20. Bd2 Be4 21. Ra1 Rc8 22. Qa7 Qe5 23. Qd4 Qxd4 24. Nxd4 Ne5 25. b3 Rd8 26. f3 Rxd4 27. fxe4 Rxd2 28. Ra8+ Bf8 0-1


[Site "https://www.chess.com"]

[Event "Titled Tuesday Blitz March 07 Late 2023"]
[White "Diaz Perez, Michel Alejandro"]
[Black "Durarbayli, Vasif"]
[WhiteFideId "3517179"]
[BlackFideId "13402935"]
[WhiteElo "2333"]
[BlackElo "2543"]
[Result "0-1"]
[Round "09"]
[TimeControl "180+2"]
[Date "2023.03.07"]
[WhiteClock "0:00:07"]
[BlackClock "0:00:08"]

1. d4 Nf6 2. c4 e6 3. Nf3 b6 4. a3 g6 5. Nc3 Bg7 6. e4 O-O 7. Bd3 d6 8. O-O Nbd7 9. Qe2 Bb7 10. h3 a6 11. Bg5 h6 12. Be3 Kh7 13. Rad1 e5 14. Bc2 Qe8 15. d5 Bc8 16. b4 Nh5 17. Ne1 Nf4 18. Qd2 Nf6 19. Nd3 N6h5 20. Ne2 Nxh3+ 21. gxh3 Bxh3 22. Ng3 f5 23. Nxh5 gxh5 24. f4 fxe4 25. Nc1 Qg6+ 26. Kh1 Bxf1 27. Rxf1 exf4 28. Rxf4 Rxf4 29. Bxf4 Kh8 30. Ne2 Rf8 31. Qe3 Qg4 32. Qxe4 Qh3+ 33. Kg1 Qg4+ 34. Kf1 Kg8 35. Ke1 h4 36. Qh7+ Kf7 37. Bf5 Qg2 38. Be6+ Ke8 39. Bxh6 Rf1+ 40. Kd2 Rf2 41. Qg8+ Bf8 42. Qxg2 Rxg2 43. Bxf8 Kxf8 44. Ke1 Rg5 45. Kf1 Ke7 46. Nf4 Rg3 47. a4 Rf3+ 48. Kg2 Rxf4 49. c5 bxc5 50. bxc5 Rxa4 51. cxd6+ cxd6 52. Kh3 a5 53. Kg2 Rd4 54. Kh3 a4 55. Kg2 a3 56. Kf3 a2 57. Ke3 a1=Q 0-1


[Site "https://www.chess.com"]

[Event "Titled Tuesday Blitz March 07 Late 2023"]
[White "Maksimovic, Bojan"]
[Black "Saveliev, Alexei"]
[WhiteFideId "14408120"]
[BlackFideId "24128546"]
[WhiteElo "2468"]
[BlackElo "2271"]
[Result "1-0"]
[Round "09"]
[TimeControl "180+2"]
[Date "2023.03.07"]
[WhiteClock "0:00:16"]
[BlackClock "0:00:21"]

1. Nf3 g6 2. g3 Bg7 3. Bg2 Nf6 4. O-O O-O 5. d3 d6 6. Nbd2 c5 7. c3 Nc6 8. e4 e5 9. Qc2 Nh5 10. a3 f5 11. b4 f4 12. Bb2 Bg4 13. bxc5 dxc5 14. Qb3+ Kh8 15. Qxb7 Rc8 16. Qb3 Qxd3 17. Qd5 Qb5 18. Rab1 Rcd8 19. Qc4 Qb6 20. Ba1 Qa5 21. Rb5 Qxa3 22. Bb2 Qa6 23. Ra1 Qc8 24. Rxc5 Rd6 25. Ra6 fxg3 26. hxg3 Bd7 27. Rd5 Qb8 28. Rxd6 Qxd6 29. Ba3 Qf6 30. Bxf8 Bxf8 31. Qd5 Be8 32. Nxe5 Qxe5 33. Qxe5+ Nxe5 34. Re6 Bc6 35. Rxe5 Kg8 36. Ra5 Be8 37. Rxa7 Nxg3 38. Ra8 Ne2+ 39. Kh1 Bf7 40. Nf3 Nxc3 41. Ng5 h6 42. Nxf7 Kxf7 43. f4 Ne2 44. f5 gxf5 45. exf5 Ng3+ 46. Kh2 Nxf5 47. Kh3 Be7 48. Be4 Nd6 49. Bd5+ Kf6 50. Kg4 Nf5 51. Ra6+ Ke5 52. Ba2 Nd4 53. Ra5+ Ke4 54. Bb1+ Ke3 55. Re5+ Kd2 56. Rxe7 Kc1 57. Bf5 Nc6 58. Rc7 Kd2 59. Rxc6 h5+ 60. Kxh5 Ke3 61. Re6+ Kd4 62. Re4+ Kd5 63. Kg5 Kd6 64. Kg6 Kd5 65. Kg7 Kd6 66. Kg8 Kd5 67. Kf7 Kd6 68. Kf6 Kd5 69. Re7 Kd6 70. Rd7+ Kc6 71. Ke6 Kc5 72. Rc7+ Kd4 73. Kd6 Ke3 74. Ke5 Kd2 75. Kd4 Ke2 76. Be4 Kf2 77. Rg7 Kf1 78. Rg2 Ke1 79. Ke3 Kf1 80. Rg3 1-0


[Site "https://www.chess.com"]

[Event "Titled Tuesday Blitz March 07 Late 2023"]
[White "Clarke, Brandon G I"]
[Black "Krallis, Christos"]
[WhiteFideId "400319"]
[BlackFideId "4298896"]
[WhiteElo "2414"]
[BlackElo "2243"]
[Result "1-0"]
[Round "09"]
[TimeControl "180+2"]
[Date "2023.03.07"]
[WhiteClock "0:00:37"]
[BlackClock "0:00:08"]

1. e4 e5 2. Nf3 Nc6 3. Bc4 Bc5 4. c3 Nf6 5. d4 exd4 6. b4 Bb6 7. e5 d5 8. exf6 dxc4 9. Qe2+ Be6 10. b5 Na5 11. fxg7 Rg8 12. cxd4 Bxd4 13. Nxd4 Qxd4 14. Bb2 Qd3 15. Bf6 Qg6 16. Qf3 Bg4 17. Qf4 Qf5 18. Qxf5 Bxf5 19. O-O Kd7 20. Re1 Rae8 21. Nc3 Be6 22. Rad1+ Kc8 23. Ne4 Bf5 24. Nc3 Be6 25. Rd4 a6 26. bxa6 Nc6 27. axb7+ Kxb7 28. Rh4 Bf5 29. Rxe8 Rxe8 30. f3 Bd3 31. Rg4 Rg8 32. Kf2 Nb8 33. Nd5 h5 34. Rg5 Nd7 35. Bc3 Bg6 36. Ne7 1-0


[Site "https://www.chess.com"]

[Event "Titled Tuesday Blitz March 07 Late 2023"]
[White "Iliaguev, Nisim"]
[Black "Berezin, Viktor"]
[WhiteFideId "2817276"]
[BlackFideId "14107872"]
[WhiteElo "2241"]
[BlackElo "2310"]
[Result "1/2-1/2"]
[Round "09"]
[TimeControl "180+2"]
[Date "2023.03.07"]
[WhiteClock "0:00:13"]
[BlackClock "0:00:07"]

1. d4 Nf6 2. g3 g6 3. Bg2 Bg7 4. e4 d6 5. Ne2 O-O 6. O-O c6 7. c3 Nbd7 8. h3 e5 9. Be3 b5 10. a4 bxa4 11. Nd2 Qe7 12. Qxa4 Bb7 13. Rfe1 d5 14. exd5 cxd5 15. dxe5 Nxe5 16. Nf4 Qd7 17. Bd4 Qxa4 18. Rxa4 Ned7 19. Rxa7 Rxa7 20. Bxa7 Ra8 21. Bd4 Ra2 22. c4 Ne4 23. Bxg7 Kxg7 24. Nxe4 dxe4 25. b4 Rb2 26. b5 Nc5 27. Rc1 g5 28. Nd5 Nd3 29. Rf1 f5 30. g4 fxg4 31. hxg4 Rc2 32. Bxe4 Rxc4 33. f3 Nc5 34. Ne3 Rc3 35. Nf5+ Kf6 36. Bxb7 Nxb7 37. Rd1 Rb3 38. Nd4 Rb4 39. Kf2 Nd6 40. Nc6 Rb2+ 41. Kg3 Nxb5 42. Rd7 h6 43. Rh7 Kg6 44. Rb7 Rb3 45. Ne5+ Kf6 46. Nd7+ Kg6 47. Nc5 Rb1 48. Rb6+ Kg7 49. Ne4 Na3 50. Re6 Rb7 51. Nd6 Rd7 52. Nf5+ Kf7 53. Rxh6 Nc4 54. Rh5 Kf6 55. Rh6+ Kf7 56. Rh7+ Ke6 57. Rh8 Kf7 58. Rc8 Nd6 59. Nxd6+ Rxd6 60. Rh8 Kg6 61. Kf2 Rb6 62. Ke3 Rb3+ 63. Kf2 Rb2+ 64. Kg3 Rb6 65. Rd8 Re6 66. Kf2 Rb6 67. Ke3 Rb3+ 68. Rd3 Rb6 69. Ke4 Re6+ 70. Kd5 Ra6 71. Rb3 Ra5+ 72. Ke4 Ra4+ 73. Ke3 Ra6 74. Rc3 Re6+ 75. Kd4 Ra6 76. Rd3 Rf6 77. Ke5 Rf4 78. Rd6+ Kg7 79. Rd7+ Kg6 80. Rd3 Kg7 81. Ra3 Kg6 82. Ra6+ Kg7 83. Ra3 Kg6 84. Re3 Kg7 85. Ke6 Kg6 86. Ke7 Kg7 87. Ra3 Kg6 88. Ra6+ Kg7 89. Ra5 Kg6 90. Ra6+ Kg7 91. Ra5 Kg6 92. Ra3 Rf7+ 93. Ke6 Rf4 94. Ke5 Kg7 95. Rd3 Kg6 96. Rd6+ Kg7 97. Rd7+ Kg6 98. Rd8 Kg7 99. Rd7+ 1/2-1/2


[Site "https://www.chess.com"]

[Event "Titled Tuesday Blitz March 07 Late 2023"]
[White "Mendez Fortes, Eduardo Jesus"]
[Black "Iskusnyh, Sergei"]
[WhiteFideId "3502376"]
[BlackFideId "4120027"]
[WhiteElo "2307"]
[BlackElo "2492"]
[Result "1-0"]
[Round "09"]
[TimeControl "180+2"]
[Date "2023.03.07"]
[WhiteClock "0:00:20"]
[BlackClock "0:00:01"]

1. e4 e6 2. d4 d5 3. Nd2 c5 4. exd5 Qxd5 5. Ngf3 cxd4 6. Bc4 Qd7 7. O-O Nc6 8. Nb3 a6 9. Nbxd4 Nxd4 10. Nxd4 Qc7 11. Qe2 Bd6 12. Re1 Ne7 13. h3 O-O 14. Bd3 Ng6 15. Nf3 Nf4 16. Bxf4 Bxf4 17. Ne5 g6 18. Ng4 h5 19. Nf6+ Kg7 20. Ne4 Bd7 21. c3 Rad8 22. Rad1 Bc6 23. Nd2 Qa5 24. Nb3 Qg5 25. Be4 Bc7 26. Bxc6 bxc6 27. Qxa6 Qf4 28. g3 Qf3 29. Rxd8 Rxd8 30. Qe2 Qf5 31. Nd4 Qd5 32. Qe4 c5 33. Nb3 Qd6 34. Qc4 1-0


[Site "https://www.chess.com"]

[Event "Titled Tuesday Blitz March 07 Late 2023"]
[White "Deac, Bogdan-Daniel"]
[Black "Almeida Quintana, Omar"]
[WhiteFideId "1226380"]
[BlackFideId "3503313"]
[WhiteElo "2649"]
[BlackElo "2530"]
[Result "1-0"]
[Round "09"]
[TimeControl "180+2"]
[Date "2023.03.07"]
[WhiteClock "0:01:41"]
[BlackClock "0:00:52"]

1. c4 g6 2. d4 Bg7 3. e4 d6 4. Nc3 Nc6 5. Nge2 e5 6. Be3 exd4 7. Nxd4 Nge7 8. h4 O-O 9. h5 g5 10. h6 Bxd4 11. Bxd4 Nxd4 12. Qxd4 f6 13. c5 dxc5 14. Qxc5 Ng6 15. Bc4+ Kh8 16. Rd1 Qe7 17. Qxe7 Nxe7 18. Nb5 Bg4 19. f3 a6 20. Nxc7 Rac8 21. Ne6 Bxe6 22. Bxe6 Rc2 23. O-O Ng6 24. Rf2 Rc7 25. Rfd2 Nf4 26. Bf5 Kg8 27. g3 Ng6 28. Be6+ Kh8 29. Rd8 1-0


[Site "https://www.chess.com"]

[Event "Titled Tuesday Blitz March 07 Late 2023"]
[White "Czernek, Tymon"]
[Black "Ibarra Jerez, Jose Carlos"]
[WhiteFideId "1199510"]
[BlackFideId "2226332"]
[WhiteElo "2156"]
[BlackElo "2638"]
[Result "0-1"]
[Round "09"]
[TimeControl "180+2"]
[Date "2023.03.07"]
[WhiteClock "0:00:19"]
[BlackClock "0:00:34"]

1. e4 c5 2. Nf3 e6 3. d4 cxd4 4. Nxd4 Bc5 5. Nc3 Qb6 6. Na4 Qa5+ 7. c3 Bxd4 8. Qxd4 Nf6 9. Bd2 Nc6 10. Qc4 d6 11. b3 O-O 12. Nb2 d5 13. exd5 exd5 14. Qh4 Re8+ 15. Be2 Qa6 16. Be3 Qa5 17. O-O Qxc3 18. Nd3 d4 19. Rac1 Qa5 20. Bg5 Rxe2 21. Bxf6 gxf6 22. Rc5 Qd2 23. Nf4 Re1 24. g3 Ne5 25. Qxf6 Rxf1+ 26. Kxf1 Qd1+ 27. Kg2 Qf3+ 28. Kg1 Qxf2+ 29. Kxf2 Ng4+ 30. Kf3 Nxf6 0-1


[Site "https://www.chess.com"]

[Event "Titled Tuesday Blitz March 07 Late 2023"]
[White "Flores Quillas, Diego Saul Rodri"]
[Black "Zhigalko, Sergei"]
[WhiteFideId "3822508"]
[BlackFideId "13502956"]
[WhiteElo "2326"]
[BlackElo "2626"]
[Result "0-1"]
[Round "09"]
[TimeControl "180+2"]
[Date "2023.03.07"]
[WhiteClock "0:00:04"]
[BlackClock "0:00:05"]

1. e4 c5 2. Nf3 Nc6 3. d4 cxd4 4. Nxd4 Nf6 5. Nc3 e5 6. Ndb5 d6 7. Bg5 a6 8. Na3 b5 9. Nd5 Be7 10. Bxf6 Bxf6 11. c3 Bg5 12. Nc2 Ne7 13. a4 bxa4 14. Rxa4 Nxd5 15. exd5 O-O 16. Be2 a5 17. b4 Bd7 18. b5 Qb6 19. c4 f5 20. O-O Rac8 21. Re1 Bd8 22. Na1 Qa7 23. Bd3 Bb6 24. Qe2 e4 25. Bb1 Rce8 26. Ra2 Re5 27. Nb3 Rfe8 28. Kf1 f4 29. Qc2 Bf5 30. Qc3 f3 31. c5 dxc5 32. Nxa5 Bh3 33. gxh3 Qd7 34. Rd1 Qxh3+ 35. Ke1 e3 36. Nc4 exf2+ 37. Kd2 Re2+ 38. Kc1 f1=Q 39. Qd3 Bc7 40. Qxh7+ Qxh7 41. Bxh7+ Kxh7 42. Rxf1 Rxa2 43. d6 Ba5 44. d7 Rd8 45. Rd1 Ra1+ 46. Kc2 Rxd1 47. Nxa5 R8xd7 0-1


[Site "https://www.chess.com"]

[Event "Titled Tuesday Blitz March 07 Late 2023"]
[White "Krzyzanowski, Marcin"]
[Black "Averjanov, Alexey"]
[WhiteFideId "1132199"]
[BlackFideId "14109867"]
[WhiteElo "2471"]
[BlackElo "2599"]
[Result "1/2-1/2"]
[Round "09"]
[TimeControl "180+2"]
[Date "2023.03.07"]
[WhiteClock "0:00:02"]
[BlackClock "0:00:05"]

1. Nf3 d5 2. g3 Nf6 3. Bg2 e6 4. O-O Be7 5. d3 O-O 6. Nbd2 b6 7. e4 dxe4 8. dxe4 Bb7 9. e5 Nfd7 10. Re1 c5 11. Nc4 Nc6 12. Nd6 Bxd6 13. Qxd6 Ndxe5 14. Qxd8 Nxf3+ 15. Bxf3 Rfxd8 16. c3 Na5 17. Be2 Rd7 18. Be3 Rad8 19. f4 Nc6 20. Kf2 Kf8 21. a3 Ne7 22. Bb5 Bc6 23. Bxc6 Nxc6 24. b4 cxb4 25. axb4 Ke7 26. Ra3 Rc7 27. Rea1 Rdc8 28. Ke2 h5 29. c4 Nxb4 30. Rxa7 Kf6 31. Rxc7 Rxc7 32. Rc1 Rc6 33. Bd4+ Kg6 34. Rc3 f6 35. Be3 Kf5 36. Kf3 g5 37. fxg5 fxg5 38. h3 g4+ 39. hxg4+ hxg4+ 40. Ke2 Ke4 41. Bf2 e5 42. Be1 Na6 43. Re3+ Kd4 44. Bc3+ Kxc4 45. Bxe5 Nc5 46. Bg7 Re6 47. Rxe6 Nxe6 48. Bf6 b5 49. Ke3 Kd5 50. Bc3 Kc4 51. Be5 b4 52. Ke4 b3 53. Bb2 Nc5+ 54. Kf5 Na4 55. Ba3 Nc3 56. Kxg4 Nb5 57. Bb2 Kd3 58. Kf5 Kc2 59. Ba1 Nd6+ 60. Ke6 Nc4 61. g4 Nb2 62. g5 Kb1 63. g6 Kxa1 64. g7 Na4 65. g8=Q b2 66. Qg7 Ka2 67. Qg2 Ka1 68. Qg7 Ka2 69. Qg2 Ka1 70. Qa8 b1=Q 71. Qxa4+ Qa2+ 72. Qxa2+ Kxa2 1/2-1/2


[Site "https://www.chess.com"]

[Event "Titled Tuesday Blitz March 07 Late 2023"]
[White "Blomqvist, Erik"]
[Black "EREBUNI91"]
[WhiteFideId "1709437"]
[WhiteElo "2436"]
[BlackElo "2746"]
[Result "0-1"]
[Round "09"]
[TimeControl "180+2"]
[Date "2023.03.07"]
[WhiteClock "0:00:01"]
[BlackClock "0:00:09"]

1. e4 c5 2. Nf3 d6 3. d4 cxd4 4. Qxd4 Nc6 5. Qe3 Nf6 6. Be2 g6 7. O-O Bg7 8. Rd1 O-O 9. h3 Bd7 10. c4 Rc8 11. Nc3 a6 12. Bd2 Qc7 13. Rac1 Ne5 14. Nxe5 dxe5 15. b4 Rfd8 16. Nd5 Nxd5 17. exd5 e6 18. Bf3 exd5 19. Bxd5 Ba4 20. Re1 Bc6 21. Bxc6 Qxc6 22. c5 Rd5 23. Bc3 Rcd8 24. Qe2 Qa4 25. Qb2 f6 26. Rc2 Rd1 27. Rxd1 Rxd1+ 28. Kh2 Qc6 29. Rd2 Rxd2 30. Qxd2 h5 31. Qc2 Kh7 32. a4 f5 33. Bd2 e4 34. Bf4 Qd5 35. b5 axb5 36. axb5 Be5 37. Bxe5 Qxe5+ 38. g3 e3 39. fxe3 h4 40. c6 bxc6 41. bxc6 Qxg3+ 42. Kh1 Qxh3+ 43. Kg1 Qg3+ 44. Kf1 Qf3+ 45. Qf2 Qxc6 46. Qxh4+ Kg8 47. Qd8+ Kf7 48. Kf2 Qc2+ 49. Kg3 Qe4 50. Qb6 Qg4+ 51. Kf2 Qh4+ 52. Kf3 Qh3+ 53. Kf2 g5 54. Qd6 Qh4+ 55. Kf3 Qe4+ 56. Kf2 Qe6 57. Qd4 Kg6 58. Qh8 Qa2+ 59. Kg3 Qf7 60. Kf2 Qg7 0-1


[Site "https://www.chess.com"]

[Event "Titled Tuesday Blitz March 07 Late 2023"]
[White "Adewumi, Tanitoluwa"]
[Black "Ozates, Tuna"]
[WhiteFideId "30966396"]
[BlackFideId "6354521"]
[WhiteElo "2742"]
[BlackElo "2151"]
[Result "1-0"]
[Round "09"]
[TimeControl "180+2"]
[Date "2023.03.07"]
[WhiteClock "0:00:05"]
[BlackClock "0:00:03"]

1. e4 e5 2. Nf3 Nc6 3. Nc3 Nf6 4. Bb5 Bd6 5. Bxc6 dxc6 6. d3 h6 7. Rg1 Be6 8. h3 Qe7 9. Be3 a5 10. a3 b5 11. d4 exd4 12. Qxd4 c5 13. Qd1 b4 14. axb4 cxb4 15. e5 bxc3 16. exd6 cxd6 17. bxc3 O-O 18. Qd4 Rfc8 19. Nd2 Nd5 20. Ra3 f5 21. Kd1 Rab8 22. Re1 Qf7 23. Kc1 f4 24. Bxf4 Nxf4 25. Rxa5 Bc4 26. Ra7 Qf6 27. Qxf6 gxf6 28. Ne4 Nd5 29. Rd1 Ra8 30. Rxa8 Rxa8 31. Rxd5 Bxd5 32. Nxf6+ Kf7 33. Nxd5 Ra1+ 34. Kd2 Rg1 35. Nf4 Kf6 36. g3 Ke5 37. Ke3 Re1+ 38. Kf3 Kf6 39. Nd3 Ra1 40. Ke2 Ra2 41. Kd2 Ra8 42. c4 Rc8 43. Kc3 Re8 44. Kd2 Re4 45. Nb2 h5 46. f3 Re8 47. Nd3 Ra8 48. Nf4 h4 49. g4 Ra1 50. Nd5+ Ke5 51. Ne3 Rh1 52. Ke2 Rh2+ 53. Kd3 Rxh3 54. Ke2 Rh2+ 55. Kd3 h3 56. g5 Rh1 57. Ng4+ Kf5 58. Nf2 Rh2 59. Ke3 Kxg5 60. f4+ Kf5 61. Kf3 Kf6 62. Ng4+ Kf5 63. Nxh2 1-0


[Site "https://www.chess.com"]

[Event "Titled Tuesday Blitz March 07 Late 2023"]
[White "Poliakova, Varvara"]
[Black "Grover, Sahaj"]
[WhiteFideId "13518313"]
[BlackFideId "5021103"]
[WhiteElo "2075"]
[BlackElo "2432"]
[Result "0-1"]
[Round "09"]
[TimeControl "180+2"]
[Date "2023.03.07"]
[WhiteClock "0:00:45"]
[BlackClock "0:01:09"]

1. e4 c5 2. Nf3 d6 3. d4 cxd4 4. Nxd4 Nf6 5. Nc3 Nc6 6. h3 e5 7. Nde2 h6 8. g4 h5 9. g5 Nd7 10. h4 Nc5 11. Bg2 Be6 12. Be3 Qb6 13. Nd5 Bxd5 14. exd5 Ne7 15. O-O Nf5 16. b4 Qxb4 17. Rb1 Nxe3 18. fxe3 Qxh4 19. g6 fxg6 20. Nd4 exd4 21. exd4 O-O-O 22. dxc5 dxc5 23. Rxf8 Rhxf8 24. d6 Qd4+ 25. Qxd4 cxd4 26. Rxb7 Rxd6 27. Rxa7 Rf4 28. Rxg7 Kd8 29. Bf1 Rdf6 30. Bd3 Rg4+ 31. Kh2 Rf2+ 32. Kh3 Rfg2 33. a3 g5 34. a4 R4g3# 0-1


[Site "https://www.chess.com"]

[Event "Titled Tuesday Blitz March 07 Late 2023"]
[White "Martinez Reyes, Pedro Ramon"]
[Black "Golubka, Petro"]
[WhiteFideId "3901807"]
[BlackFideId "14114224"]
[WhiteElo "2340"]
[BlackElo "2391"]
[Result "0-1"]
[Round "09"]
[TimeControl "180+2"]
[Date "2023.03.07"]
[WhiteClock "0:00:44"]
[BlackClock "0:01:34"]

1. Nf3 Nc6 2. d4 d5 3. g3 Bf5 4. Bg2 Nb4 5. Na3 e6 6. c3 Nc6 7. O-O Nf6 8. c4 Bxa3 9. bxa3 Be4 10. Qb3 Bxf3 11. exf3 Rb8 12. cxd5 Qxd5 13. Bb2 O-O 14. f4 Qd6 15. Rfd1 Ne7 16. a4 Rfd8 17. Ba3 Qd7 18. Bc5 b6 19. Ba3 Nf5 20. Bb2 c6 21. Rac1 Nd5 22. Qc4 Nfe7 23. Ba3 b5 24. Qc5 b4 25. Bb2 g6 26. Bf1 h5 27. h4 Rdc8 28. Be2 Rc7 29. Rc4 Nf5 30. Rcc1 Qd8 31. a5 b3 32. axb3 Rxb3 33. Ba3 Nxg3 34. fxg3 Rxg3+ 35. Kf1 Qxh4 0-1


[Site "https://www.chess.com"]

[Event "Titled Tuesday Blitz March 07 Late 2023"]
[White "Bilych, Olexiy"]
[Black "Danielian, Vardan"]
[WhiteFideId "14156504"]
[BlackFideId "13301594"]
[WhiteElo "2320"]
[BlackElo "2566"]
[Result "1-0"]
[Round "09"]
[TimeControl "180+2"]
[Date "2023.03.07"]
[WhiteClock "0:01:56"]
[BlackClock "0:00:14"]

1. d4 Nf6 2. c4 g6 3. Nc3 Bg7 4. e4 O-O 5. Nge2 d6 6. Ng3 a6 7. Ke2 b6 8. Ke1 c5 9. d5 b5 10. cxb5 Qa5 11. bxa6 Bxa6 12. Bxa6 Nxa6 13. Kf1 Nc7 14. Nge2 Rfb8 15. g3 Nb5 16. Kg2 Ng4 17. Nxb5 Qxb5 18. Nc3 Bxc3 19. bxc3 Ne5 20. Qc2 Qa4 21. Qe2 Qc4 22. Qxc4 Nxc4 23. Bh6 f6 24. Rhb1 g5 25. h4 gxh4 26. gxh4 Kf7 27. h5 f5 28. exf5 Rxb1 29. Rxb1 Rxa2 30. Rb8 Kf6 31. Rf8+ Ke5 32. Rf7 Ne3+ 33. Bxe3 1-0


[Site "https://www.chess.com"]

[Event "Titled Tuesday Blitz March 07 Late 2023"]
[White "Timmermans, Mark"]
[Black "Paszewski, Mateusz"]
[WhiteFideId "1026399"]
[BlackFideId "1141058"]
[WhiteElo "2460"]
[BlackElo "2223"]
[Result "1-0"]
[Round "09"]
[TimeControl "180+2"]
[Date "2023.03.07"]
[WhiteClock "0:00:09"]
[BlackClock "0:00:01"]

1. e4 c5 2. Nf3 Nc6 3. d4 cxd4 4. Nxd4 g6 5. c4 Nf6 6. Nc3 d6 7. Be2 Bg7 8. Be3 O-O 9. O-O Nxd4 10. Bxd4 Be6 11. Rc1 Qa5 12. b3 Rfc8 13. Nd5 Bxd5 14. exd5 Re8 15. Rc2 Nd7 16. Be3 Nc5 17. Bd2 Qa3 18. Bc1 Qb4 19. Bd2 Qa3 20. f4 Ne4 21. Be1 a5 22. Rf3 Qc5+ 23. Kh1 Rec8 24. Bd3 Nf6 25. f5 Nd7 26. Rh3 Ne5 27. Bf2 Qc7 28. a4 Qd7 29. Re2 Re8 30. Bb1 gxf5 31. Bd4 e6 32. dxe6 Qxe6 33. Qf1 Qf6 34. Rf2 Qd8 35. Rxf5 Ng6 36. Bxg7 Kxg7 37. Rxf7+ Kg8 38. Rg7+ Kxg7 39. Bxg6 hxg6 40. Qa1+ Re5 41. Qc1 Qg5 42. Qc3 Re8 43. Rf3 Qf6 44. Rxf6 Kxf6 45. h4 Kg7 46. Qf3 Kh7 47. Kh2 R8e7 48. Qf6 Re2 49. Qxd6 R7e3 50. Qd7+ Kh6 51. Qxb7 Rc3 52. c5 Rxc5 53. Qf3 Rcc2 54. Qf4+ Kh7 55. Qg5 Rb2 56. Qd5 Kh6 57. Kh3 Re3+ 58. g3 Rbxb3 59. Qg5+ Kh7 60. Qxa5 Rxg3+ 61. Kh2 Rh3+ 62. Kg2 Rbg3+ 63. Kf2 Rf3+ 64. Ke2 Rf5 65. Qa7+ Kh6 66. Qb8 Rxh4 67. Qh8+ Kg5 68. Qd8+ Kg4 69. a5 Re5+ 70. Kf2 Rh2+ 71. Kg1 Rhe2 72. a6 Kf3 73. Qd3+ R5e3 74. Qd5+ Kf4 75. Qd6+ Re5 76. a7 Re1+ 77. Kg2 Re2+ 78. Kh3 Re3+ 79. Kh4 Kf3 80. a8=Q+ R3e4+ 81. Kh3 Kf2 82. Qf6+ Rf5 83. Qb2+ Re2 84. Qg2+ Ke3 85. Qbxe2+ 1-0


[Site "https://www.chess.com"]

[Event "Titled Tuesday Blitz March 07 Late 2023"]
[White "Janaszak, Dawid"]
[Black "Shapiro, David"]
[WhiteFideId "1119206"]
[BlackFideId "24133523"]
[WhiteElo "2220"]
[BlackElo "2300"]
[Result "0-1"]
[Round "09"]
[TimeControl "180+2"]
[Date "2023.03.07"]
[WhiteClock "0:00:26"]
[BlackClock "0:01:00"]

1. e4 e5 2. Nf3 Nf6 3. Nxe5 d6 4. Nf3 Nxe4 5. Nc3 Nxc3 6. dxc3 Be7 7. Be3 Nd7 8. Bd3 Ne5 9. Nxe5 dxe5 10. Qh5 Bf6 11. O-O-O Qe7 12. f4 e4 13. Bb5+ c6 14. Ba4 Be6 15. Bc5 Qc7 16. Rd6 O-O 17. f5 Bxa2 18. Rxf6 Qf4+ 19. Kd1 gxf6 20. Bd4 c5 21. g3 Qd6 22. Qg4+ Kh8 23. Qf4 Rad8 0-1


[Site "https://www.chess.com"]

[Event "Titled Tuesday Blitz March 07 Late 2023"]
[White "Do Nascimento,Christian Almeida"]
[Black "Aldokhin, Ivan"]
[WhiteFideId "2143801"]
[BlackFideId "24115720"]
[WhiteElo "2125"]
[BlackElo "2322"]
[Result "0-1"]
[Round "09"]
[TimeControl "180+2"]
[Date "2023.03.07"]
[WhiteClock "0:00:12"]
[BlackClock "0:00:06"]

1. d4 Nf6 2. Bg5 e6 3. e4 d6 4. Bd3 h6 5. Bxf6 Qxf6 6. Ne2 g6 7. O-O Bg7 8. Nd2 Qe7 9. f4 O-O 10. Kh1 Nd7 11. f5 c5 12. c3 cxd4 13. cxd4 e5 14. fxg6 fxg6 15. Qb3+ Kh7 16. d5 Nc5 17. Qa3 Bg4 18. b4 Nd7 19. Nc4 Nf6 20. b5 Bxe2 21. Bxe2 Nxe4 22. Bf3 Nc5 23. Rac1 b6 24. Nd2 Rf4 25. g3 Rd4 26. Nb3 Ra4 27. Qb2 e4 28. Qe2 Re8 29. Nxc5 bxc5 30. Bg4 Qe5 31. b6 axb6 32. Bd7 Raa8 33. Bxe8 Rxe8 34. Rcd1 e3 35. Kg1 Re7 36. Rf4 h5 37. a4 Bh6 38. Rf3 Bg7 39. Rdf1 Qe4 40. Rd1 Bd4 41. Rf4 Qxd5 42. g4 Qg5 43. Rdf1 hxg4 44. Rxg4 Qh5 45. Kg2 Kg7 46. Qf3 e2 47. Qf8+ Kh7 48. Rf7+ Rxf7 49. Qxf7+ Bg7 50. Qe6 e1=Q 51. Qxe1 Qxg4+ 52. Qg3 Qxg3+ 53. Kxg3 Bf6 54. Kf3 c4 55. Ke4 c3 56. Kd3 d5 57. a5 bxa5 58. h3 a4 59. Kc2 Kh6 0-1


[Site "https://www.chess.com"]